 Dungeon Crawl Stone Soup version 0.31-a0-1388-g4b2ba238e7 (webtiles) character file.

Game seed: 8371646283758903418

876 MisterAzrael the Covert (level 7, 0/31 (38) HPs)
             Began as a Deep Elf Brigand on Dec 24, 2023.
             Slain by an ogre
             ... wielding a +0 giant spiked club
              (27 damage)
             ... on level 6 of the Dungeon.
             The game lasted 00:10:04 (4690 turns).

MisterAzrael the Covert (Deep Elf Brigand)          Turns: 4690, Time: 00:10:04

HP:   0/31 (38)     AC:  4    Str:  8    XL:     7   Next: 74%
MP:   9/9           EV: 17    Int: 16    God:
Gold: 367           SH:  0    Dex: 22    Spells: 6/6 levels left

rFire   . . .        o - +3 dagger (elec)
rCold   . . .        (no shield)
rNeg    . . .        t - +0 leather armour "Puddon" {^Contam +Blink Will+ Dex+4}
rPois   .            (no helmet)
rElec   .            c - +0 cloak
rCorr   .            (no gloves)
SInv    .            (no boots)
Will    +....        (no amulet)
Stlth   ++++         (no ring)
HPRegen 0.25/turn    (no ring)
MPRegen 0.11/turn

%: no passive effects
@: heavily drained
A: no striking features
a: Evoke Blink


You were on level 6 of the Dungeon.
You visited 1 branch of the dungeon, and saw 6 of its levels.

You collected 367 gold pieces.

Inventory:

Hand Weapons
 a - a +2 dagger
 o - a +3 dagger of electrocution (weapon)
 y - a +0 rapier
Missiles
 d - 10 poisoned darts
 e - 3 curare-tipped darts (quivered)
 k - 4 boomerangs
Armour
 b - a +0 robe
 c - a +0 cloak (worn)
 t - the +0 leather armour "Puddon" (worn) {^Contam +Blink Will+ Dex+4}
   (You found it on level 3 of the Dungeon)

   Dex+4:     It affects your dexterity (+4).
   Will+:     It increases your willpower.
   +Blink:    It lets you blink.
   ^Contam:   It causes magical contamination when unequipped.
Jewellery
 m - a ring of magical power
 w - a ring of magical power
 C - a ring of willpower
Talismans
 x - a dragon-blood talisman
Wands
 E - a wand of flame (15)
Scrolls
 g - a scroll of revelation
 j - a scroll of enchant weapon
 n - 2 scrolls of identify {unknown}
 q - a scroll of enchant armour {unknown}
 r - a scroll of amnesia {unknown}
 s - a scroll of butterflies {unknown}
 v - a scroll of poison {unknown}
 A - a scroll of noise {unknown}
Potions
 f - a potion of haste {unknown}
 h - a potion of resistance {unknown}
 i - a potion of might
 l - 2 potions of mutation {unknown}
 p - a potion of enlightenment {unknown}
 u - 2 potions of curing {unknown}
 z - 2 potions of degeneration {unknown}
 B - 2 potions of lignification {unknown}
 D - a potion of ambrosia
 F - a potion of berserk rage {unknown}


   Skills:
 - Level 1.5 Fighting
 - Level 2.0 Short Blades
 - Level 2.0 Throwing
 * Level 7.8 Dodging
 + Level 8.8 Stealth
 - Level 2.0 Evocations


You had 6 spell levels left.
You didn't know any spells.
Your spell library contained the following spells:

 Spells                   Type           Power      Damage    Failure   Level
 Mercury Vapours          Alch/Air       0%         N/A       50%         2
 Mephitic Cloud           Conj/Alch/Air  0%         N/A       73%         3
 Freezing Cloud           Conj/Ice/Air   0%         6-21      100%        5


Dungeon Overview and Level Annotations

Branches:
Dungeon (6/15)
 Temple: D:4-7

Altars:
Elyvilon
Gozag
Kikubaaqudgha
Xom
Yredelemnul

Annotations:
D:3 1 runed translucent door, Crazy Yiuf
D:6 Jeremiah


Message History

Jeremiah completely misses you.
You miss the butterfly. Jeremiah completely misses you.
You miss the butterfly. Jeremiah completely misses you.
You miss the butterfly. Jeremiah completely misses you.
Jeremiah hits you from afar with a +3 trident of draining.
You feel drained.
You hit the butterfly.
Lightning courses through the butterfly!!
You kill the butterfly!
The butterfly disappears in a burst of colours! x2
Jeremiah misses you.
You puncture the butterfly!
You kill the butterfly!
The butterfly disappears in a burst of colours!
Jeremiah barely misses you.
The butterfly disappears in a burst of colours!
The butterfly disappears in a burst of colours! x2
The butterfly disappears in a burst of colours!
An ogre comes into view. It is wielding a +0 giant spiked club.
The ogre shouts!
Found a robe.
Throw: 4 darts (curare)
Press: ? - help, Q - select action, (/) - cycle Shift-Dir - straight line, f - ogre
Aim: an ogre, wielding a +0 giant spiked club (76% to hit)
You throw a curare-tipped dart. The curare-tipped dart hits the ogre.
The ogre is poisoned.
The ogre convulses.
The ogre seems to slow down.
The ogre is lightly wounded.
Found a green potion.
The ogre misses you.
You barely miss the ogre.
The ogre is lightly wounded.
You barely miss the ogre.
The ogre is lightly wounded.
The ogre barely misses you.
Found 37 gold pieces.
Found a stone staircase leading up.
Found 13 gold pieces.
The ogre attacks as it pursues you!
The ogre hits you with a +0 giant spiked club!!
Ouch! That really hurt!
You die...

*,,*,*,,*,*,,,,* #....# ##
*,,**.#*,**..#** ####.# .#
*,**,#$$*,*#.# ###.# .#
*,**,*$$#,##.# #...# .#
*,,**,*#.##..####### #.#######
.# *,,*,*,,#.#........#
#.#.).... .#
*,,.#**###.........# #)#.#####
.# *,,...##..(.......<# #...#
# ##
*,,..[....b.O@..########### #
*,,!..##...################ #
*,,,,,*##..#..#....###########
******* ##.#..#.##.######....#
#.#....##.#....#.##.#
#F##.#..#.#.##.#.#..#
#b...#..#.#.##.#.#..#
####...b#...##.#.#.##
#.##F######.#.#...


You could see an ogre (very poisoned, slow).

Vanquished Creatures
  Prince Ribbit (D:6)
  An ice beast (D:5)
  A kobold brigand (D:5)
  2 scorpions (D:4)
  A bombardier beetle (D:5)
  6 hounds
  2 iguanas
  5 adders
  3 worms (D:3)
  2 dart slugs
  12 orcs
  6 bats
  10 endoplasms
  4 giant cockroaches
  3 goblins
  3 hobgoblins
  4 jackals (D:4)
  2 quokkas
  6 ball pythons
  3 frilled lizards
  6 kobolds
  8 rats
91 creatures vanquished.

Notes
Turn   | Place    | Note
-------+----------+-------------------------------------------
     0 | D:1      | MisterAzrael the Deep Elf Brigand began the quest for the
                  | Orb.
     0 | D:1      | Reached XP level 1. HP: 12/12 MP: 3/3
    32 | D:1      | Reached skill level 5 in Stealth
    92 | D:1      | Reached XP level 2. HP: 16/16 MP: 4/4
   469 | D:2      | Reached skill level 6 in Stealth
   868 | D:2      | Reached XP level 3. HP: 19/20 MP: 5/5
   999 | D:2      | Found a shimmering altar of Xom.
  1185 | D:3      | Found a white marble altar of Elyvilon.
  1425 | D:3      | Found an opulent altar of Gozag.
  1513 | D:3      | Found a runed translucent door.
  1514 | D:3      | Noticed Crazy Yiuf
  1582 | D:3      | Found a basalt altar of Yredelemnul.
  1611 | D:3      | Identified the +0 leather armour "Puddon" {^Contam +Blink
                  | Will+ Dex+4}
  1689 | D:3      | Reached XP level 4. HP: 12/25 MP: 6/6
  2085 | D:4      | Reached skill level 1 in Evocations
  2119 | D:4      | Reached XP level 5. HP: 26/29 MP: 7/7
  2155 | D:4      | Reached skill level 7 in Stealth
  2353 | D:4      | Reached XP level 6. HP: 32/34 MP: 8/8
  2397 | D:4      | Found an ancient bone altar of Kikubaaqudgha.
  2958 | D:4      | Reached skill level 5 in Dodging
  3215 | D:5      | Entered Level 5 of the Dungeon
  3557 | D:5      | Noticed an ice beast
  3564 | D:5      | Killed an ice beast
  3565 | D:5      | Reached skill level 8 in Stealth
  3565 | D:5      | Reached XP level 7. HP: 38/38 MP: 9/9
  3879 | D:5      | You fall into a shaft and drop 1 floor!
  3900 | D:6      | Noticed Jeremiah
  3970 | D:6      | Noticed Prince Ribbit
  3987 | D:6      | Killed Prince Ribbit
  4690 | D:6      | Slain by an ogre

Illustrated notes

Levels and vault maps discovered:
D:1:      dpeg_arrival_refuge, layout_rooms
D:2:      layout_loops_ring, basic_altar
D:3:      layout_rooms, yredelemnul_altar_generic,
          mainiacjoe_overflow_small_starburst, elyvilon_altar_5,
          uniq_crazy_yiuf_cottage
D:4:      layout_layer_cave, lemuel_round_altar, dk_noncrumbling_2
D:5:      layout_basic
D:6:      layout_basic, minivault_22, uniq_jeremiah, uniq_prince_ribbit1

Skill      XL: |  1  2  3  4  5  6  7 |
---------------+----------------------+-----
Stealth        | 5 6 7 8 |  8.8
Dodging        | 2 3 4 6 7 |  7.8
Evocations     | 1 2 |  2.0
Fighting       | |  1.5
Short Blades   | |  2.0
Throwing       | |  2.0

Action                     |  1- 3 |  4- 6 |  7- 9 || total
---------------------------+-------+-------+-------++-------
  Melee: Dagger            |   133 |    94 |    57 ||   284
         Punch             |     1 |       |       ||     1
  Throw: Dart              |     7 |       |     4 ||    11
    Use: Potion            |     1 |       |     1 ||     2
         Scroll            |       |       |     2 ||     2
   Stab: Sleeping          |    11 |     7 |     6 ||    24
 Armour: Robe              |    64 |       |       ||    64
         Leather armour    |    10 |    38 |    20 ||    68
         Skin              |     1 |       |       ||     1
  Dodge: Dodged            |    87 |    63 |    41 ||   191

Table legend: (Time is in decaauts)
 A = Elapsed time spent in this place.
 B = Non-inter-level travel time spent in this place.
 C = Inter-level travel time spent in this place.
 D = Time resting spent in this place.
 E = Time spent auto-exploring this place.
 F = Levels seen in this place.
 G = Mean time per level.
                   A        B        C        D        E       F      G
               +--------+--------+--------+--------+--------+-----+--------+
         Total |   4658 |   4579 |     79 |    381 |   3299 |   6 |  776.3 |
       Dungeon |   4658 |   4579 |     79 |    381 |   3299 |   6 |  776.3 |
               +--------+--------+--------+--------+--------+-----+--------+

Top non-repeatable levels by time:
     D:4: 1185 daAuts
     D:3: 832 daAuts
     D:6: 804 daAuts
     D:2: 770 daAuts
     D:5: 660 daAuts
     D:1: 406 daAuts
